 Dungeon Crawl Stone Soup version 0.29.1-12-g30fa7ad0bf (webtiles) character file.

Game seed: 18261069338219847452

77 nshep25 the Covered (level 4, 0/40 HPs)
             Began as a Minotaur Fighter on Dec 28, 2022.
             Slain by an orc
             ... wielding a +1 dagger of electrocution
              (19 damage)
             ... on level 3 of the Dungeon.
             The game lasted 00:03:14 (1461 turns).

nshep25 the Covered (Minotaur Fighter)              Turns: 1461, Time: 00:03:16

Health: 0/40       AC: 12    Str: 22    XL:     4   Next: 14%
Magic:  3/3        EV:  3    Int:  5    God:
Gold:   83         SH:  4    Dex: 10    Spells: 3/3 levels left

rFire   . . .      SeeInvis .   a - +0 war axe
rCold   . . .      Faith    .   c - +0 buckler
rNeg    . . .      Spirit   .   i - +0 plate armour
rPois   .          Reflect  .   (helmet restricted)
rElec   .          Harm     .   (no cloak)
rCorr   .          Rampage  .   (no gloves)
Will    .....                   (no boots)
Stlth   ..........              (no amulet)
HPRegen 0.13/turn               (no ring)
MPRegen 0.08/turn               (no ring)

@: constricted
A: horns 2, retaliatory headbutt
a: no special abilities


You were on level 3 of the Dungeon.
You visited 1 branch of the dungeon, and saw 3 of its levels.

You collected 83 gold pieces.

Inventory:

Hand Weapons
 a - a +0 war axe (weapon)
Armour
 b - a +0 scale mail
 c - a +0 buckler (worn)
 i - a +0 plate armour (worn)
Wands
 q - a wand of polymorph (10)
Scrolls
 f - 2 scrolls of identify {unknown}
 g - 2 scrolls of poison {unknown}
 h - 2 scrolls of noise {unknown}
 m - a scroll of teleportation {unknown}
 r - 2 scrolls of fear {unknown}
Potions
 d - a potion of might
 e - a potion of berserk rage {unknown}
 j - a potion of magic {unknown}
 k - a potion of attraction {unknown}
 l - a potion of invisibility {unknown}
 n - 2 potions of curing {unknown}
 o - a potion of lignification {unknown}
 p - a potion of ambrosia {unknown}


   Skills:
 + Level 4.2 Fighting
 * Level 3.7 Axes
 * Level 4.4 Armour
 + Level 4.0 Shields


You had 3 spell levels left.
You didn't know any spells.
Your spell library contained the following spells:

 Spells                   Type           Power      Damage    Failure   Level
 Slow                     Hex            0%         N/A       100%        1
 Confusing Touch          Hex            0%         N/A       100%        3
 Vampiric Draining        Necr           0%         2d6       100%        3


Dungeon Overview and Level Annotations

Branches:
Dungeon (3/15)

Altars:
Dithmenos

Annotations:
D:3 Terence


Innate Abilities, Weirdness & Mutations

You have a pair of horns on your head.
You reflexively headbutt those who attack you in melee.


Message History

Terence shouts!
The orc wizard casts a spell at you.
The magic dart hits you but does no damage.
The orc wizard mumbles some strange words.
The orc wizard flickers and vanishes!
Deactivating autopickup; reactivate with Ctrl-A.
The orc hits you but does no damage. The orc hits you with a +0 mace.
You barely miss something. Your headbutt misses something.
You barely miss the orc. You hit the orc.
Something hits you but does no damage. You block the orc's attack.
The orc completely misses you.
You barely miss something. You hit the orc but do no damage. You hit the orc.
You kill the orc!
The orc hits you but does no damage. Something hits you but does no damage.
You closely miss something. You barely miss the orc. You closely miss the orc.
You block the orc's attack. x2; Something hits you.
The ball python bites you but does no damage.
The ball python grabs you. The ball python constricts you.
The orc barely misses you. Something hits you but does no damage.
The orc hits you but does no damage.
You closely miss Terence. Your headbutt misses Terence. You hit the orc.
You slash something! You hit the orc but do no damage.
You closely miss the ball python. The ball python barely misses you.
The ball python constricts you. The orc hits you but does no damage. x2
Terence hits you with a +2 morningstar of protection.
Something hits you but does no damage. The ball python bites you.
The ball python constricts you.
You hit Terence but do no damage. You headbutt Terence, but do no damage.
You closely miss the orc. You hit the ball python. You hit the orc.
You kill the orc!
You barely miss something.
Terence shouts, "ATTACK!!!"
Terence hits you but does no damage. The orc hits you but does no damage.
You block something's attack. The ball python bites you.
The ball python constricts you.
Terence hits you with a +2 morningstar of protection!
Something hits you but does no damage.
The orc hits you with a +1 dagger of electrocution.
You are electrocuted!!
You die...

.. ##.. ....# ...######
#...#... #.#....########
####..............
.........@#)..#...
#######....S@{...... #
#...........#o..#.!. #
#.####.†............ #
#.#.#....###+########## #
#.......####.# #..###.#### #
###..#.......###.........# #
#.......†.......###....# #
#.......†.........###..# ###
#.#..................#+######


You could see Terence, an orc and a ball python.

Vanquished Creatures
  A gnoll (D:1)
  3 adders
  A dart slug (D:1)
  2 orcs (D:3)
  5 endoplasms
  2 giant cockroaches
  4 hobgoblins
  2 jackals (D:2)
  4 ball pythons
  2 bats
  7 frilled lizards
  4 goblins
  3 kobolds
  A rat (D:3)
41 creatures vanquished.

Notes
Turn   | Place    | Note
-------+----------+-------------------------------------------
     0 | D:1      | nshep25 the Minotaur Fighter began the quest for the Orb.
     0 | D:1      | Reached XP level 1. HP: 19/19 MP: 0/0
    54 | D:1      | Found a faded altar of an unknown god.
   250 | D:1      | Reached XP level 2. HP: 27/27 MP: 1/1
   879 | D:2      | Reached XP level 3. HP: 33/33 MP: 2/2
  1378 | D:3      | Found a shadowy altar of Dithmenos.
  1451 | D:3      | Reached XP level 4. HP: 40/40 MP: 3/3
  1454 | D:3      | Noticed Terence
  1461 | D:3      | Slain by an orc

Illustrated notes

Levels and vault maps discovered:
D:1:      roderic_chinese_lattice_arrival, layout_loops_ring,
          shapermc_ecumenical_altar_ellora, nicolae_eternal_life
D:2:      layout_rooms
D:3:      layout_basic, grunt_dithmenos_smoke_and_mirrors,
          lemuel_coloured_pillars_altar, lemuel_doored_altar,
          grunt_temple_overflow_diamond, uniq_terence

Skill      XL: |  1  2  3 |
---------------+----------+-----
Fighting       | 4 |  4.2
Axes           | 3 |  3.7
Shields        | 4 |  4.0
Armour         | 4 |  4.4

Action                   |  1- 3 |  4- 6 || total
-------------------------+-------+-------++-------
Melee: War axe           |    72 |     5 ||    77
       Headbutt          |     8 |     1 ||     9
Armor: Scale mail        |    16 |       ||    16
       Plate armour      |    45 |    15 ||    60
Dodge: Dodged            |    21 |     3 ||    24
Block: Buckler           |    18 |     4 ||    22
